NCAA
GEORGIA TECH YELLOW JACKETS @ FLORIDA GATORS
05/07/2026
 
TOP OF THE 1ST
Georgia Tech Yellow Jackets batting - Pitching for Florida Gators : RHP Dustin Lynch
Pitching: RHP Dustin Lynch
Batting: RHB Jeremy Richmond 0-0: Foul Ball, location: 2F
0-1: Swinging Strike
0-2: Ball
1-2: Ball
2-2: Ball
3-2: Base on Balls
Batting: RHB Bob Corrigan 0-0: Foul Ball, location: 2F
0-1: Fly out, F4 (Line Drive, 4)
Batting: RHB Joe Atkinson 0-0: Called Strike
0-1: Foul Ball, location: 2F
0-2: Ball
1-2: Strikes out swinging
Batting: RHB Rickey Núñez 0-0: Called Strike
0-1: Ball
1-1: Swinging Strike
1-2: Ball
2-2: Foul Ball, location: 2F
2-2: Strikes out swinging
Top of the 1st over - 0 run(s), 0 hit(s), 0 error(s), 1 left on base; Georgia Tech 0 - Florida 0
BOTTOM OF THE 1ST
Florida Gators batting - Pitching for Georgia Tech Yellow Jackets : LHP Víctor Ramírez
Pitching: LHP Víctor Ramírez
Batting: LHB Bob MacDonald 0-0: Foul Ball, location: 2F
0-1: Ball
1-1: Called Strike
1-2: Foul Ball, location: 2F
1-2: Foul Ball, location: 2F
1-2: Strikes out swinging
Batting: RHB Seth Burgess 0-0: Ball
1-0: Ball
2-0: Ball
3-0: Called Strike
3-1: Foul Ball, location: 2F
3-2: SINGLE (Line Drive, 9LS)
Batting: RHB Butch Richardson 0-0: Ball
1-0: SINGLE (Groundball, 56D)
Seth Burgess to second
Batting: RHB Jon Newsome 0-0: Called Strike
0-1: Ball
1-1: Ball
2-1: Called Strike
2-2: SINGLE (Flyball, 89M)
Seth Burgess to third
Butch Richardson to second
Runner from 3rd tries for Home, SAFE, throw made home
Batting: RHB Luis Morales 0-0: Ball
1-0: Grounds into double play, 5-4-3 (Groundball, 5)
Bottom of the 1st over - 1 run(s), 3 hit(s), 0 error(s), 1 left on base; Georgia Tech 0 - Florida 1
TOP OF THE 2ND
Georgia Tech Yellow Jackets batting - Pitching for Florida Gators : RHP Dustin Lynch
Batting: RHB Bobby Hulsey 0-0: Called Strike
0-1: Ball
1-1: SOLO HOME RUN (Flyball, 78XD), Distance : 390 ft
Batting: RHB Dave Bell 0-0: Ball
1-0: Called Strike
1-1: Ball
2-1: Ball
3-1: Base on Balls
Batting: RHB Xavier Silva 0-0: Called Strike
0-1: Called Strike
0-2: DOUBLE (Line Drive, 7LM)
Dave Bell to third
Batting: LHB Shawn Brown 0-0: Ball
1-0: 3-RUN HOME RUN (Flyball, 9D), Distance : 353 ft
Batting: SHB Stan Gómez 0-0: Ball
1-0: Foul Ball, location: 2F
1-1: Ground out 4-3 (Groundball, 4)
Batting: RHB Jeremy Richmond 0-0: Called Strike
0-1: Swinging Strike
0-2: Ball
1-2: Ball
2-2: Reached on error, E5 (Groundball, 56)
Batting: RHB Bob Corrigan 0-0: Ball
1-0: Ball
2-0: Swinging Strike
2-1: Foul Ball, location: 2F
2-2: Foul Ball, location: 2F
2-2: Fly out, F6 (Line Drive, 6M)
Batting: RHB Joe Atkinson 0-0: Ball
1-0: Ball
2-0: Ground out 5-3 (Groundball, 5)
Top of the 2nd over - 4 run(s), 3 hit(s), 1 error(s), 1 left on base; Georgia Tech 4 - Florida 1
BOTTOM OF THE 2ND
Florida Gators batting - Pitching for Georgia Tech Yellow Jackets : LHP Víctor Ramírez
Batting: RHB Shayne Garneau 0-0: Called Strike
0-1: Ground out 4-3 (Groundball, 4M)
Batting: RHB Manny Gutiérrez 0-0: DOUBLE (Flyball, 7M)
Batting: SHB Pedro Rodríguez 0-0: Called Strike
0-1: Called Strike
0-2: Strikes out swinging
Batting: RHB Marshall Normore 0-0: Ball
1-0: Called Strike
1-1: Called Strike
1-2: Strikes out swinging
Bottom of the 2nd over - 0 run(s), 1 hit(s), 0 error(s), 1 left on base; Georgia Tech 4 - Florida 1
TOP OF THE 3RD
Georgia Tech Yellow Jackets batting - Pitching for Florida Gators : RHP Dustin Lynch
Batting: RHB Rickey Núñez 0-0: Called Strike
0-1: Foul Ball, location: 2F
0-2: Ball
1-2: Strikes out looking
Batting: RHB Bobby Hulsey 0-0: Ball
1-0: Fly out, F7 (Flyball, 78M)
Batting: RHB Dave Bell 0-0: Ground out 6-3 (Groundball, 6)
Top of the 3rd over - 0 run(s), 0 hit(s), 0 error(s), 0 left on base; Georgia Tech 4 - Florida 1
BOTTOM OF THE 3RD
Florida Gators batting - Pitching for Georgia Tech Yellow Jackets : LHP Víctor Ramírez
Batting: LHB Bob MacDonald 0-0: SINGLE (Groundball, 4MD)
Batting: RHB Seth Burgess 0-0: Called Strike
0-1: Called Strike
0-2: Ball
1-2: Foul Ball, location: 2F
1-2: Fly out, F7 (Flyball, 78M)
Batting: RHB Butch Richardson 0-0: SINGLE (Groundball, 6MD) (infield hit)
Bob MacDonald to second
Batting: RHB Jon Newsome 0-0: Ball
1-0: Fly out, F9 (Flyball, 9D)
Runner from 2nd tags up, SAFE at 3rd, no throw
Batting: RHB Luis Morales 0-0: Fly out, F4 (Popup, 4D)
Bottom of the 3rd over - 0 run(s), 2 hit(s), 0 error(s), 2 left on base; Georgia Tech 4 - Florida 1
TOP OF THE 4TH
Georgia Tech Yellow Jackets batting - Pitching for Florida Gators : RHP Dustin Lynch
Batting: RHB Xavier Silva 0-0: Ball
1-0: Foul Ball, location: 2F
1-1: Ground out 6-3 (Groundball, 6M)
Batting: LHB Shawn Brown 0-0: Ball
1-0: Ball
2-0: Ball
3-0: Called Strike
3-1: Called Strike
3-2: Base on Balls
Batting: SHB Stan Gómez 0-0: Called Strike
0-1: Ball
1-1: Ball
2-1: Swinging Strike
2-2: Fielders Choice at 2nd, 6-4 (Groundball, 6)
Batting: RHB Jeremy Richmond 0-0: Ball
1-0: Called Strike
1-1: Foul Ball, location: 2F
1-2: Ball
Stan Gómez is caught stealing 2nd base
Top of the 4th over - 0 run(s), 0 hit(s), 0 error(s), 0 left on base; Georgia Tech 4 - Florida 1
BOTTOM OF THE 4TH
Florida Gators batting - Pitching for Georgia Tech Yellow Jackets : LHP Víctor Ramírez
Batting: RHB Shayne Garneau 0-0: Called Strike
0-1: Foul Ball, location: 2F
0-2: Ball
1-2: Strikes out swinging
Batting: RHB Manny Gutiérrez 0-0: Swinging Strike
0-1: Foul Ball, location: 2F
0-2: Fly out, F6 (Popup, 5DF)
Batting: SHB Pedro Rodríguez 0-0: Called Strike
0-1: Ball
1-1: Foul Ball, location: 2F
1-2: Ground out 2-3 (Groundball, 2L)
Bottom of the 4th over - 0 run(s), 0 hit(s), 0 error(s), 0 left on base; Georgia Tech 4 - Florida 1
TOP OF THE 5TH
Georgia Tech Yellow Jackets batting - Pitching for Florida Gators : RHP Dustin Lynch
Batting: RHB Jeremy Richmond 0-0: Foul Ball, location: 2F
0-1: SINGLE (Line Drive, 89S)
Batting: RHB Bob Corrigan 0-0: Ball
1-0: Called Strike
1-1: Ball
2-1: Foul Ball, location: 2F
2-2: Ball
3-2: Base on Balls
Jeremy Richmond to second
Pitching: RHP Michael Short
Batting: RHB Joe Atkinson 0-0: Fly out, F8 (Flyball, 78S)
Batting: RHB Rickey Núñez 0-0: Called Strike
0-1: Ball
1-1: Foul Ball, location: 2F
1-2: Ball
2-2: Ball
3-2: Base on Balls
Jeremy Richmond to third
Bob Corrigan to second
Batting: RHB Bobby Hulsey 0-0: Foul Ball, location: 2F
0-1: Fly out, F8 (Flyball, 8LM)
Runner from 3rd tags up, SCORES, throw made
Batting: RHB Dave Bell 0-0: Ball
1-0: Ball
2-0: Ball
3-0: Ground out 6-3 (Groundball, 6)
Top of the 5th over - 1 run(s), 1 hit(s), 0 error(s), 2 left on base; Georgia Tech 5 - Florida 1
BOTTOM OF THE 5TH
Florida Gators batting - Pitching for Georgia Tech Yellow Jackets : LHP Víctor Ramírez
Batting: RHB Marshall Normore 0-0: Ball
1-0: Foul Ball, location: 2F
1-1: Called Strike
1-2: Strikes out swinging
Batting: LHB Bob MacDonald 0-0: Foul Ball, location: 2F
0-1: Ground out 2-3 (Groundball, 2L)
Batting: RHB Seth Burgess 0-0: Ball
1-0: DOUBLE (Line Drive, 7LS)
Batting: RHB Butch Richardson 0-0: Ground out 4-3 (Groundball, 13)
Bottom of the 5th over - 0 run(s), 1 hit(s), 0 error(s), 1 left on base; Georgia Tech 5 - Florida 1
TOP OF THE 6TH
Georgia Tech Yellow Jackets batting - Pitching for Florida Gators : RHP Michael Short
Batting: RHB Xavier Silva 0-0: Swinging Strike
0-1: Ball
1-1: Foul Ball, location: 2F
1-2: Strikes out swinging
Batting: LHB Shawn Brown 0-0: Ball
1-0: Foul Ball, location: 2F
1-1: Foul Ball, location: 2F
1-2: Fly out, F9 (Flyball, 9M)
Batting: SHB Stan Gómez 0-0: Ball
1-0: Called Strike
1-1: Called Strike
1-2: Foul Ball, location: 2F
1-2: Ground out U3 (Groundball, 3)
Top of the 6th over - 0 run(s), 0 hit(s), 0 error(s), 0 left on base; Georgia Tech 5 - Florida 1
BOTTOM OF THE 6TH
Florida Gators batting - Pitching for Georgia Tech Yellow Jackets : LHP Víctor Ramírez
Batting: RHB Jon Newsome 0-0: Called Strike
0-1: Foul Ball, location: 2F
0-2: Ball
1-2: Ball
2-2: Strikes out swinging
Batting: RHB Luis Morales 0-0: SINGLE (Line Drive, 78M)
Batting: RHB Shayne Garneau 0-0: Called Strike
0-1: Foul Ball, location: 2F
0-2: Foul Ball, location: 2F
0-2: Fly out, F1 (Popup, 13S)
Batting: RHB Manny Gutiérrez 0-0: Ball
1-0: SINGLE (Flyball, 8LS)
Luis Morales to second
Batting: SHB Pedro Rodríguez 0-0: Ball
1-0: SINGLE (Line Drive, 4D)
Luis Morales to third
Manny Gutiérrez to second
Batting: RHB Marshall Normore 0-0: Foul Ball, location: 2F
0-1: Ball
1-1: Ball
2-1: Ball
3-1: Foul Ball, location: 2F
3-2: Foul Ball, location: 2F
3-2: Base on Balls
Luis Morales scores
Manny Gutiérrez to third
Pedro Rodríguez to second
Pitching: LHP Dalton Hayes
Batting: LHB Bob MacDonald 0-0: Reached on Error, E7 (Flyball, 7M)
Manny Gutiérrez scores
Pedro Rodríguez scores
Marshall Normore to third
Batting: RHB Seth Burgess 0-0: Ball
1-0: Ground out 6-3 (Groundball, 56S)
Bottom of the 6th over - 3 run(s), 3 hit(s), 1 error(s), 2 left on base; Georgia Tech 5 - Florida 4
TOP OF THE 7TH
Georgia Tech Yellow Jackets batting - Pitching for Florida Gators : RHP Michael Short
Pitching: LHP Paco Oliva
Batting: RHB Jeremy Richmond 0-0: Fly out, F9 (Flyball, 89M)
Batting: RHB Bob Corrigan 0-0: Called Strike
0-1: Called Strike
0-2: Ball
1-2: Ball
2-2: Ball
3-2: Strikes out swinging
Batting: RHB Joe Atkinson 0-0: Called Strike
0-1: Ball
Single, Error in OF, E8, batter to second base
Batting: RHB Rickey Núñez 0-0: SINGLE (Flyball, 9S)
Joe Atkinson to third
Runner from 3rd tries for Home, SAFE, throw made home
Rickey Núñez to second
Batting: RHB Bobby Hulsey 0-0: Called Strike
0-1: Ground out 4-3 (Groundball, 4)
Top of the 7th over - 1 run(s), 2 hit(s), 1 error(s), 1 left on base; Georgia Tech 6 - Florida 4
BOTTOM OF THE 7TH
Florida Gators batting - Pitching for Georgia Tech Yellow Jackets : LHP Dalton Hayes
Batting: RHB Butch Richardson 0-0: Ball
1-0: Foul Ball, location: 2F
1-1: Called Strike
1-2: Foul Ball, location: 2F
1-2: Foul Ball, location: 2F
1-2: SINGLE (Line Drive, 4M)
Batting: RHB Jon Newsome 0-0: Called Strike
0-1: Ball
1-1: Called Strike
1-2: Ball
2-2: Ball
3-2: Foul Ball, location: 2F
3-2: Grounds into double play, 6-4-3 (Groundball, 6)
Batting: RHB Luis Morales 0-0: Called Strike
0-1: Fly out, F9 (Flyball, 9M)
Bottom of the 7th over - 0 run(s), 1 hit(s), 0 error(s), 0 left on base; Georgia Tech 6 - Florida 4
TOP OF THE 8TH
Georgia Tech Yellow Jackets batting - Pitching for Florida Gators : LHP Paco Oliva
Batting: RHB Dave Bell 0-0: Ball
1-0: Ball
2-0: Ball
3-0: Base on Balls
Batting: RHB Xavier Silva 0-0: Sac Bunt - play at first, batter OUT! 1-3
Dave Bell to second
Batting: LHB Shawn Brown 0-0: DOUBLE (Flyball, 78D)
Dave Bell scores
Batting: SHB Stan Gómez 0-0: Fly out, F4 (Popup, 4D)
Batting: RHB Jeremy Richmond 0-0: Called Strike
0-1: Foul Ball, location: 2F
0-2: Ground out 1-3 (Groundball, 13S)
Top of the 8th over - 1 run(s), 1 hit(s), 0 error(s), 1 left on base; Georgia Tech 7 - Florida 4
BOTTOM OF THE 8TH
Florida Gators batting - Pitching for Georgia Tech Yellow Jackets : LHP Dalton Hayes
Batting: RHB Shayne Garneau 0-0: Called Strike
0-1: Foul Ball, location: 2F
0-2: Ball
1-2: Ball
2-2: Fly out, F9 (Popup, 4D)
Batting: RHB Manny Gutiérrez 0-0: Ball
1-0: Called Strike
1-1: Foul Ball, location: 2F
1-2: Strikes out swinging
Batting: SHB Pedro Rodríguez 0-0: Swinging Strike
0-1: Ball
1-1: Bunt missed!
1-2: Foul Ball, location: 2F
1-2: Foul Ball, location: 2F
1-2: Ball
2-2: Ball
3-2: Strikes out swinging
Bottom of the 8th over - 0 run(s), 0 hit(s), 0 error(s), 0 left on base; Georgia Tech 7 - Florida 4
TOP OF THE 9TH
Georgia Tech Yellow Jackets batting - Pitching for Florida Gators : LHP Paco Oliva
Pitching: LHP Ryan McKibbin
Batting: RHB Bob Corrigan 0-0: Called Strike
0-1: Ball
1-1: Ball
2-1: Called Strike
2-2: Ball
3-2: Foul Ball, location: 2F
3-2: Base on Balls
Batting: RHB Joe Atkinson 0-0: Ball
1-0: Called Strike
Pickoff Throw by Catcher to First - Out!
1-1: Foul Ball, location: 2F
1-2: Ball
2-2: SOLO HOME RUN (Flyball, 7LD), Distance : 336 ft
Batting: RHB Rickey Núñez 0-0: Foul Ball, location: 2F
0-1: Ball
1-1: DOUBLE (Flyball, 8LD)
Batting: RHB Bobby Hulsey 0-0: Ball
1-0: DOUBLE (Line Drive, 7D)
Rickey Núñez scores
Batting: RHB Dave Bell 0-0: Foul Ball, location: 2F
0-1: Called Strike
0-2: Ball
1-2: Ball
2-2: Ball
3-2: Foul Ball, location: 2F
3-2: Base on Balls
Batting: RHB Xavier Silva 0-0: Grounds into double play, 6-4-3 (Groundball, 6)
Top of the 9th over - 2 run(s), 3 hit(s), 0 error(s), 1 left on base; Georgia Tech 9 - Florida 4
BOTTOM OF THE 9TH
Florida Gators batting - Pitching for Georgia Tech Yellow Jackets : LHP Dalton Hayes
Pitching: RHP Frank Wilcox
Batting: RHB Marshall Normore 0-0: Ground out 6-3 (Groundball, 6M)
Batting: LHB Bob MacDonald 0-0: Called Strike
0-1: Ball
1-1: Ball
2-1: SOLO HOME RUN (Flyball, 89XD), Distance : 370 ft
Batting: RHB Seth Burgess 0-0: SOLO HOME RUN (Flyball, 7D), Distance : 359 ft
Pitching: RHP Ray Lee
Batting: RHB Butch Richardson 0-0: Ball
1-0: Called Strike
1-1: SINGLE (Line Drive, 56D)
Batting: RHB Jon Newsome 0-0: Ball
1-0: Grounds into double play, U4-3 (Groundball, 4)
Bottom of the 9th over - 2 run(s), 3 hit(s), 0 error(s), 0 left on base; Georgia Tech 9 - Florida 6
Monday, December 5th, 2016 - OOTP Baseball 17.12 Build 75